 Dungeon Crawl Stone Soup version 0.29.1-15-g9cfb28693d (webtiles) character file.

Game seed: 14222600705907740162

3518 booth the Destroyer (level 8, -1/54 HPs)
             Began as a Demonspawn Conjurer on Apr 4, 2023.
             Was an Elder of Ru.
             Slain by an orc warrior
             ... wielding a +0 halberd
              (6 damage)
             ... on level 8 of the Dungeon on Apr 6, 2023.
             The game lasted 01:23:09 (11999 turns).

booth the Destroyer (Demonspawn Conjurer)          Turns: 11999, Time: 01:23:10

Health: -1/54      AC: 11    Str: 15    XL:     8   Next: 81%
Magic:  1/15       EV: 13    Int: 20    God:    Ru [****..]
Gold:   418        SH:  0    Dex: 11    Spells: 2/17 levels left

rFire   + . .      SeeInvis .   e - staff of conjuration
rCold   . . .      Faith    .   (no shield)
rNeg    . . .      Spirit   .   z - +4 leather armour "Loeminwujo" {Will+ Str+7 Int-2}
rPois   .          Reflect  .   n - +0 helmet
rElec   .          Harm     .   (no cloak)
rCorr   .          Rampage  .   (no gloves)
Will    ++...                   B - +0 pair of boots
Stlth   +++.......              (no amulet)
HPRegen 0.18/turn               k - ring of protection from fire
MPRegen 0.14/turn               F - ring of willpower

@: no status effects
A: rugged brown scales 2, inability to train armour, inexperienced 1, missing an
eye, demonic magic 3
a: Renounce Religion, Sacrifice Experience, Sacrifice Resistance, Sacrifice
Stealth, Reject Sacrifices, Draw Out Power, Power Leap


You were on level 8 of the Dungeon.
You worshipped Ru.
Ru was greatly pleased with you.
You visited 1 branch of the dungeon, and saw 8 of its levels.

You collected 418 gold pieces.

Inventory:

Hand Weapons
 g - a +0 dagger of electrocution
 K - a +2 flail of venom
Missiles
 d - 6 poisoned darts
 t - a throwing net
 u - 4 boomerangs (quivered)
 x - a silver boomerang
 J - 2 curare-tipped darts
Armour
 n - a +0 helmet (worn)
 o - a +1 robe of resistance
 v - the +1 helmet "Ihiora Lorch" {rPois rF- rCorr Int+6}
   (You found it on level 5 of the Dungeon)

   Int:       It affects your intelligence (+6).
   rF:        It makes you vulnerable to fire.
   rPois:     It protects you from poison.
   rCorr:     It protects you from acid and corrosion.
 z - the +4 leather armour "Loeminwujo" (worn) {Will+ Str+7 Int-2}
   (You found it on level 5 of the Dungeon)

   Str:       It affects your strength (+7).
   Int:       It affects your intelligence (-2).
   Will:      It increases your willpower.
 B - a +0 pair of boots (worn)
Magical Staves
 e - a staff of conjuration (weapon)
Jewellery
 k - a ring of protection from fire (left hand)
 w - a ring of flight
 F - a ring of willpower (right hand)
Wands
 l - a wand of light (5)
Scrolls
 f - a scroll of blinking
 j - a scroll of fear
 p - 2 scrolls of immolation
 q - a scroll of torment
 r - 4 scrolls of teleportation
 s - 3 scrolls of butterflies
 y - a scroll of amnesia
 C - a scroll of enchant weapon {unknown}
 H - a scroll of brand weapon {unknown}
Potions
 a - a potion of heal wounds
 b - a potion of magic
 c - 4 potions of curing
 h - a potion of cancellation
 i - a potion of might
 m - 2 potions of attraction
 A - 2 potions of mutation
 D - a potion of berserk rage
 E - a potion of invisibility {unknown}
 G - a potion of ambrosia {unknown}
 I - a potion of haste {unknown}


   Skills:
 + Level 4.7 Staves
 + Level 5.1 Dodging
 + Level 5.6 Stealth
 + Level 5.2 Spellcasting
 * Level 8.6 Conjurations
 + Level 4.5 Transmutations


You had 2 spell levels left.
You knew the following spells:

 Your Spells              Type           Power      Damage    Failure   Level
a - Magic Dart            Conj           100%       1d8       1%          1
b - Searing Ray           Conj           100%       2d8       1%          2
c - Beastly Appendage     Tmut           46%        N/A       2%          1
d - Wereblood             Tmut           23%        N/A       3%          2
e - Passwall              Tmut/Erth      11%        N/A       9%          2
f - Dazzling Flash        Conj/Hex       66%        N/A       7%          3
g - Hailstorm             Conj/Ice       33%        3d8       24%         4

Your spell library contained the following spells:

 Spells                   Type           Power      Damage    Failure   Level
 Freeze                   Ice            20%        1d4       14%         1
 Ensorcelled Hibernation  Hex/Ice        10%        N/A       22%         2
 Spider Form              Tmut/Pois      14%        N/A       17%         3
 Fulminant Prism          Conj/Hex       16%        3d11      24%         4
 Iskenderun's Mystic Bla  Conj/Tloc      33%        2d8       24%         4
 Frozen Ramparts          Ice            10%        1d2       38%         3
 Swiftness                Air            5%         N/A       38%         3
 Fireball                 Conj/Fire      16%        3d8       54%         5
 Starburst                Conj/Fire      16%        6d6       98%         6
 Ignition                 Fire           2%         3d3       100%        8


Dungeon Overview and Level Annotations

Branches:
Dungeon (8/15)             Temple (0/1) D:4
   Lair: D:8-11

Altars:
Ashenzari
Fedhas
Qazlal
Ru
Wu Jian
Xom

Shops:
D:7 =


Innate Abilities, Weirdness & Mutations

You are mostly covered in rugged brown scales. (AC +2, +5% HP)
You cannot train Armour skill.
You are somewhat inexperienced. (-1 XL)
You are missing an eye, making it more difficult to aim.
Spells you cast and wands you use may paralyse nearby enemies.


Message History

The orc warrior is no longer paralysed.
The orc warrior hits you from afar with a +0 halberd.
Without enough magic to sustain it, your searing ray dissipates.
The orc warrior hits you from afar with a +0 halberd.
You focus your inner power and blind the orc warrior in retribution!
Casting: Searing Ray (safe; 1% risk of failure)
Confirm with . or Enter, or press ? or * to list all spells.
You don't have enough magic to cast this spell.
The orc warrior barely misses you.
You miss the orc warrior.
The orc warrior is severely wounded.
You catch the helpless orc warrior completely off-guard!
You hit the orc warrior but do no damage.
You blast the orc warrior.
The orc warrior is severely wounded.
The orc warrior misses you.
You closely miss the orc warrior.
The orc warrior is severely wounded.
The orc warrior closely misses you.
You miss the orc warrior.
The orc warrior is severely wounded.
The orc warrior barely misses you.
You hit the orc warrior but do no damage.
The orc warrior is severely wounded.
The orc warrior barely misses you.
You hit the orc warrior.
The orc warrior is severely wounded.
The orc warrior hits you with a +0 halberd.
You hit the orc warrior but do no damage.
The orc warrior is severely wounded.
The orc warrior is no longer blind.
The orc warrior hits you with a +0 halberd!
You hit the orc warrior but do no damage.
The orc warrior is severely wounded.
The orc warrior hits you with a +0 halberd!!
* * * LOW HITPOINT WARNING * * *
The orc warrior attacks as you move away!
The orc warrior closely misses you.
The orc warrior hits you from afar with a +0 halberd.
You die...

##.#)#.#.......#
#^..)...#.....##
##...##..#....#
#...##...#...#
##..#......#..#
.#
#.).........#.#
..
#....)........#
.#
#...###.#######
.#
#..@.ooo......#
.#
#######.......#
.#.
#..>....###...
#........)....
######..##)..#
#..#....#
#..#....#
#..#....#
#..#...##


You could see an orc warrior and 2 orcs.

Vanquished Creatures
  Eustachio (D:4)
  3 yaks (D:7)
  Menkaure (D:7)
  3 water moccasins
  2 sky beasts
  2 ice beasts
  A centaur (D:7)
  2 ogres
  2 kobold brigands
  A phantom (D:4)
  2 bullfrogs (D:7)
  A scorpion (D:5)
  7 wights
  A howler monkey (D:6)
  A hound (D:6)
  A jelly (D:8)
  7 orc priests
  A gnoll bouda (D:4)
  Jessica (D:2)
  7 iguanas
  8 orc wizards
  8 gnolls (D:4)
  8 adders
  4 shadow imps
  2 white imps
  2 ufetubi
  A worm (D:3)
  49 orcs
  3 endoplasms
  6 giant cockroaches
  8 goblins
  10 hobgoblins
  6 jackals
  16 kobolds
  3 quokkas
  5 ball pythons
  6 bats
  7 frilled lizards
  7 rats
206 creatures vanquished.

Vanquished Creatures (others)
  A howler monkey (D:7)
1 creature vanquished.

Grand Total: 207 creatures vanquished

Notes
Turn   | Place    | Note
-------+----------+-------------------------------------------
     0 | D:1      | booth the Demonspawn Conjurer began the quest for the Orb.
     0 | D:1      | Reached XP level 1. HP: 13/13 MP: 3/3
   365 | D:1      | Gained mutation: Spells you cast may paralyse adjacent
                  | enemies. [demonic ancestry]
   365 | D:1      | Reached XP level 2. HP: 19/19 MP: 0/5
   371 | D:1      | Learned a level 2 spell: Searing Ray
   485 | D:1      | Found a faded altar of an unknown god.
   491 | D:1      | Prayed at the altar of an unknown god.
   491 | D:1      | Became a worshipper of Ru the Awakened
   535 | D:1      | Gained mutation: You are somewhat inexperienced. (-1 XL)
                  | [Ru sacrifice]
   535 | D:1      | Reached XP level 1. HP: 13/13 MP: 3/3
   535 | D:1      | Reached * piety under Ru
   535 | D:1      | Reached ** piety under Ru
  1449 | D:2      | Reached XP level 2. HP: 19/19 MP: 1/5
  1788 | D:2      | Learned a level 1 spell: Beastly Appendage
  1838 | D:2      | Noticed Jessica
  1971 | D:2      | Killed Jessica
  1972 | D:2      | Reached skill level 1 in Staves
  1972 | D:2      | Gained mutation: You are partially covered in rugged brown
                  | scales. (AC +1, +3% HP) [demonic ancestry]
  1972 | D:2      | Reached XP level 3. HP: 19/24 MP: 1/6
  2467 | D:2      | Learned a level 2 spell: Wereblood
  2694 | D:2      | Found a shimmering altar of Xom.
  3058 | D:3      | Gained mutation: Spells you cast may paralyse nearby
                  | enemies. [demonic ancestry]
  3058 | D:3      | Reached XP level 4. HP: 25/30 MP: 0/7
  3305 | D:3      | Reached skill level 1 in Transmutations
  4232 | D:4      | Found an ornate altar of the Wu Jian Council.
  4299 | D:4      | Reached skill level 5 in Conjurations
  4701 | D:4      | Reached XP level 5. HP: 36/36 MP: 2/9
  4788 | D:4      | Gained mutation: You are missing an eye, making it more
                  | difficult to aim. [Ru sacrifice]
  4788 | D:4      | Reached *** piety under Ru
  4974 | D:4      | Noticed Eustachio
  5244 | D:4      | Killed Eustachio
  5245 | D:4      | Gained mutation: Spells you cast and wands you use may
                  | paralyse nearby enemies. [demonic ancestry]
  5245 | D:4      | Reached XP level 6. HP: 42/42 MP: 5/10
  5715 | D:4      | Learned a level 2 spell: Passwall
  5719 | D:4      | Learned a level 3 spell: Dazzling Flash
  5805 | D:4      | Found a staircase to the Ecumenical Temple.
  6158 | D:5      | Entered Level 5 of the Dungeon
  6252 | D:5      | Reached skill level 6 in Conjurations
  6299 | D:5      | Identified the +1 helmet "Ihiora Lorch" {rPois rF- rCorr
                  | Int+6}
  6474 | D:5      | Identified the +4 leather armour "Loeminwujo" {Will+ Str+7
                  | Int-2}
  6910 | D:5      | Gained mutation: You are mostly covered in rugged brown
                  | scales. (AC +2, +5% HP) [demonic ancestry]
  6910 | D:5      | Reached XP level 7. HP: 42/48 MP: 8/12
  8268 | D:6      | Gained mutation: You cannot train Armour skill. [Ru
                  | sacrifice]
  8268 | D:6      | Reached **** piety under Ru
  8290 | D:6      | Found a stormy altar of Qazlal.
  8709 | D:6      | Reached skill level 7 in Conjurations
  8954 | D:7      | Found a blossoming altar of Fedhas.
  8954 | D:7      | Noticed Menkaure
  8988 | D:7      | Found a broken altar of Ashenzari.
  9005 | D:7      | Found Oxurett's Jewellery Emporium.
  9063 | D:7      | Reached XP level 8. HP: 48/52 MP: 1/14
  9717 | D:7      | Killed Menkaure
  9718 | D:7      | Reached skill level 5 in Stealth
 10300 | D:7      | Noticed a gargoyle
 10569 | D:7      | Reached skill level 8 in Conjurations
 11007 | D:7      | Reached skill level 5 in Spellcasting
 11088 | D:7      | Reached skill level 5 in Dodging
 11610 | D:8      | Learned a level 4 spell: Hailstorm
 11999 | D:8      | Slain by an orc warrior

Illustrated notes

Levels and vault maps discovered:
D:1:      beargit_arrival_greenhouse, layout_loops_ring,
          ebering_ecumenical_altar_mist
D:2:      layout_basic, basic_altar, corner_web_ring, uniq_jessica
D:3:      minmay_wonky_spiral, layout_loops_ring
D:4:      layout_loops_ring, old_standard_altar,
          minmay_temple_entry_proselytizer, minmay_quantized, uniq_eustachio
D:5:      layout_loops_ring
D:6:      layout_layer_cave, mainiacjoe_overflow_brackets, lemuel_flame_loot_1
D:7:      minmay_s_stair_smasher, layout_layer_cave, evilmike_ruin_ashenzari,
          mainiacjoe_overflow_catwalk, serial_shops, nicolae_shop_stone,
          item_on_display_a, uniq_menkaure
D:8:      layout_rooms, biasface_ghost_orc_armoury, hangedman_decor_opposing,
          minmay_quadrilaterals

Skill      XL: |  1  2  3  4  5  6  7  8 |
---------------+-------------------------+-----
Stealth        | 2 3 4 5 |  5.6
Dodging        | 2 3 4 5 |  5.1
Staves         | 1 2 3 4 |  4.7
Transmutations | 1 2 3 4 |  4.5
Conjurations   | 5 6 7 8 |  8.6
Spellcasting   | 3 4 5 |  5.2

Action                   |  1- 3 |  4- 6 |  7- 9 || total
-------------------------+-------+-------+-------++-------
Melee: Staff             |    34 |    36 |    33 ||   103
       Unarmed           |     7 |       |       ||     7
       Punch             |       |     1 |       ||     1
Throw: Dart              |       |     6 |     6 ||    12
       Boomerang         |       |     4 |    23 ||    27
       Throwing net      |       |     1 |     1 ||     2
 Cast: Magic Dart        |    64 |   108 |    78 ||   250
       Searing Ray       |    11 |    31 |    48 ||    90
Invok: Sacrifice Experie |     1 |       |       ||     1
       Sacrifice an Eye  |       |     1 |       ||     1
       Power Leap        |       |       |     1 ||     1
       Sacrifice Durabil |       |       |     1 ||     1
  Use: Scroll            |     5 |     5 |     4 ||    14
       Potion            |     1 |     2 |     1 ||     4
 Stab: Distracted        |     1 |       |       ||     1
       Paralysed         |       |     1 |     2 ||     3
       Invisible         |       |       |     2 ||     2
Armor: Robe              |     8 |     7 |       ||    15
       Leather armour    |       |     4 |    32 ||    36
Dodge: Dodged            |    43 |    26 |    53 ||   122
